 Dungeon Crawl Stone Soup version 0.22-a0-247-gbddf880 (webtiles) character file.

122 Amnesiac the Gusty (level 5, 0/30 HPs)
             Began as a Tengu Air Elementalist on Feb 23, 2018.
             Slain by a phantom (8 damage)
             ... on level 4 of the Dungeon.
             The game lasted 00:05:46 (3096 turns).

Amnesiac the Gusty (Tengu Air Elementalist)         Turns: 3096, Time: 00:05:47

Health: 0/30       AC:  2    Str:  9    XL:     5   Next: 6%
Magic:  7/10       EV: 15    Int: 16    God:
Gold:   205        SH:  0    Dex: 14    Spells: 6/10 levels left

rFire    . . .     SeeInvis .   o - +0 hunting sling (velocity)
rCold    . . .     Gourm    .   (no shield)
rNeg     + . .     Faith    .   w - +0 robe (curse)
rPois    .         Spirit   .   (helmet restricted)
rElec    .         Reflect  .   (no cloak)
rCorr    .         Harm     .   (no gloves)
MR       .....                  (boots unavailable)
Stlth    ++........             (no amulet)
HPRegen  0.10/turn              k - ring of positive energy
MPRegen  0.12/turn              (no ring)

@: flying quickly and evasively, quick
A: beak, talons 3, able to fly 1
a: no special abilities


You were on level 4 of the Dungeon.
You were not hungry.

You visited 1 branch of the dungeon, and saw 4 of its levels.

You collected 205 gold pieces.

Inventory:

Hand Weapons
 o - a +0 hunting sling of velocity (weapon)
 r - a +2 dagger of venom
Missiles
 d - 155 stones (quivered)
 j - 28 poisoned needles
 z - 7 curare-tipped needles
Armour
 w - a cursed +0 robe (worn)
Jewellery
 k - a ring of positive energy (left hand)
 s - an uncursed ring of teleportation
 y - an uncursed amulet of faith {unknown}
Wands
 a - a wand of random effects (17)
 m - a wand of enslavement (15)
Scrolls
 c - 4 scrolls of remove curse {!r}
 f - 4 scrolls of identify {!r, unknown}
 g - 2 scrolls of immolation {!r, unknown}
 l - 2 scrolls of teleportation {!r, unknown}
 q - a scroll of noise {!r, unknown}
 t - 2 scrolls of amnesia {!r, unknown}
 v - a scroll of enchant weapon {!r, unknown}
 B - a scroll of blinking {!r, unknown}
Potions
 e - 2 potions of might {!q, unknown}
 h - 2 potions of flight {!q, unknown}
 i - a potion of ambrosia {!q, unknown}
 n - a potion of degeneration {!q, unknown}
 p - a potion of magic {!q, unknown}
 u - a potion of berserk rage {!q, unknown}
 x - a potion of heal wounds {!q, unknown}
Comestibles
 b - 6 rations


   Skills:
 - Level 1.8 Fighting
 - Level 2.1 Dodging
 - Level 2.0 Stealth
 + Level 3.3 Spellcasting
 - Level 4.0 Conjurations
 - Level 4.0 Air Magic


You had 6 spell levels left.
You knew the following spells:

 Your Spells              Type           Power        Failure   Level  Hunger
a - Shock                 Conj/Air       ###.         3%          1    None
b - Static Discharge      Conj/Air       ###.....     11%         3    ###....


Dungeon Overview and Level Annotations

Branches:
Dungeon (4/15)
 Temple: D:4-7

Altars:
Ashenzari
Elyvilon
Fedhas
Hepliaklqana
Okawaru
Qazlal
Yredelemnul


Innate Abilities, Weirdness & Mutations

You have a beak for a mouth.
You have claws for feet.
You can fly.


Message History

The phantom is lightly damaged.
The phantom blinks!
No target in view!
No target in view!
No target in view!
No target in view!
No target in view!
Firing (i - inventory)
d - 166 stones (quivered)
Press: ? - help, Shift-Dir - straight line, f/p - phantom
Aim: a phantom (lightly damaged)
You shoot a stone.
The stone hits the phantom but does no damage.
The phantom is lightly damaged.
Firing (i - inventory)
d - 165 stones (quivered)
Press: ? - help, Shift-Dir - straight line, f/p - phantom
Aim: a phantom (lightly damaged)
You shoot a stone. The stone closely misses the phantom.
Firing (i - inventory)
d - 164 stones (quivered)
Press: ? - help, Shift-Dir - straight line, f/p - phantom
Aim: a phantom (lightly damaged)
You shoot a stone. The stone closely misses the phantom.
Firing (i - inventory)
d - 163 stones (quivered)
Press: ? - help, Shift-Dir - straight line, f/p - phantom
Aim: a phantom (lightly damaged)
You shoot a stone. The stone closely misses the phantom.
Firing (i - inventory)
d - 162 stones (quivered)
Press: ? - help, Shift-Dir - straight line, f/p - phantom
Aim: a phantom (lightly damaged)
You shoot a stone. The stone hits the phantom.
The phantom is moderately damaged.
The phantom blinks!
Firing (i - inventory)
d - 161 stones (quivered)
Press: ? - help, Shift-Dir - straight line, f/p - phantom
Aim: a phantom (moderately damaged)
You shoot a stone. The stone misses the phantom.
Firing (i - inventory)
d - 160 stones (quivered)
Press: ? - help, Shift-Dir - straight line, f/p - phantom
Aim: a phantom (moderately damaged)
You shoot a stone. The stone barely misses the phantom.
Firing (i - inventory)
d - 159 stones (quivered)
Press: ? - help, Shift-Dir - straight line, f/p - phantom
Aim: a phantom (moderately damaged)
You shoot a stone.
The stone hits the phantom but does no damage.
The phantom is moderately damaged.
The phantom blinks!
Firing (i - inventory)
d - 158 stones (quivered)
Press: ? - help, Shift-Dir - straight line, f/p - phantom
Aim: a phantom (moderately damaged)
You shoot a stone. The stone hits the phantom.
The phantom is moderately damaged.
Firing (i - inventory)
d - 157 stones (quivered)
Press: ? - help, Shift-Dir - straight line, f/p - phantom
Aim: a phantom (moderately damaged)
You shoot a stone. The stone barely misses the phantom.
The phantom hits you!
You swoop lightly up into the air.
You feel very comfortable in the air.
You feel somewhat more hungry. The phantom hits you!
Firing (i - inventory)
d - 156 stones (quivered)
Press: ? - help, Shift-Dir - straight line, f/p - phantom
Aim: a phantom (moderately damaged)
You shoot a stone. The stone closely misses the phantom.
The phantom hits you!
* * * LOW HITPOINT WARNING * * *
The phantom hits you!
You die...

........####.....####
#...................#
#....###'###.........
##...# #.# #.........
##..# #.# #.........
##.+ ._. +......... #.#
### #......... #.# ###
#.........
#@#######......... #.
##W..(...((........ #..
##......#..(........
.[##..(.#### .....##
#.#......## #### #
#.#.......## ## .
#..........## ##. ..#
#.....(.....# ##..
#...#
#......(....########..#


You could see a phantom.

Vanquished Creatures
  An orc priest (D:4)
  2 adders
  2 oozes
  A dart slug (D:3)
  2 leopard geckos
  3 orcs (D:3)
  4 giant cockroaches
  5 goblins
  7 hobgoblins
  8 jackals
  9 kobolds
  3 quokkas
  3 bats (D:2)
  5 frilled lizards
  A rat (D:2)
56 creatures vanquished.

Notes
Turn   | Place    | Note
-------+----------+-------------------------------------------
     0 | D:1      | Amnesiac the Tengu Air Elementalist began the quest for the Orb.
     0 | D:1      | Reached XP level 1. HP: 10/10 MP: 4/4
   236 | D:1      | Reached XP level 2. HP: 15/15 MP: 3/6
   663 | D:2      | Found a white marble altar of Elyvilon.
   780 | D:2      | Reached XP level 3. HP: 15/19 MP: 5/7
   785 | D:2      | Learned a level 3 spell: Static Discharge
   922 | D:2      | Reached skill level 1 in Fighting
  1395 | D:2      | Reached XP level 4. HP: 15/25 MP: 8/8
  1644 | D:3      | Found a blossoming altar of Fedhas.
  1647 | D:3      | Found a basalt altar of Yredelemnul.
  1650 | D:3      | Found a hazy altar of Hepliaklqana.
  1653 | D:3      | Found a shattered altar of Ashenzari.
  1982 | D:3      | Found a stormy altar of Qazlal.
  2900 | D:4      | Gained mutation: You can fly. [Tengu growth]
  2900 | D:4      | Reached XP level 5. HP: 30/30 MP: 6/10
  2939 | D:4      | Found an iron altar of Okawaru.
  3080 | D:4      | Noticed a phantom
  3096 | D:4      | Slain by a phantom

Vault maps used:
D:1:      lemuel_arrival_river_bridge
D:2:      elyvilon_altar_4
D:3:      grunt_temple_overflow_cloverleaf, nicolae_qazlal_general_emergency
D:4:      lemuel_doored_altar, uniq_sigmund

Skill      XL: |  1  2  3  4 |
---------------+-------------+-----
Conjurations   | 2 3 4 |  4.0
Fighting       | 1 |  1.8
Spellcasting   | 3 |  3.3
Dodging        | |  2.1
Stealth        | |  2.0
Air Magic      | |  4.0

Action                   |  1- 3 |  4- 6 || total
-------------------------+-------+-------++-------
Melee: Unarmed           |    18 |       ||    18
       Kick              |     5 |     6 ||    11
       Dagger            |    23 |    23 ||    46
       Trident           |    11 |       ||    11
       Peck              |     3 |     4 ||     7
 Fire: Hunting sling     |       |    34 ||    34
 Cast: Shock             |    54 |     2 ||    56
 Abil: Fly               |       |     1 ||     1
  Use: Scroll            |     1 |       ||     1
 Stab: Sleeping          |     1 |       ||     1
  Eat: Chunk             |     2 |     6 ||     8
Armor: Robe              |    19 |     3 ||    22
Dodge: Dodged            |    32 |    22 ||    54

Table legend:
 A = Spawn XP
 B = Non-spawn XP
 C = Spawn XP percentage of total XP
 D = Spawn monster count
 E = Non-spawn monster count
 F = Spawn count percentage of total count
 G = Total turns spent on level
                    A         B        C        D         E        F      G
               +---------+---------+-------+---------+---------+-------+---------
         Total |       0 |     175 |   0.0 |       0 |      56 |   0.0 |  3096
               +---------+---------+-------+---------+---------+-------+---------
           D:1 |       0 |      25 |   0.0 |       0 |      11 |   0.0 |   649
           D:2 |       0 |      59 |   0.0 |       0 |      28 |   0.0 |   952
           D:3 |       0 |      24 |   0.0 |       0 |      11 |   0.0 |  1093
           D:4 |       0 |      67 |   0.0 |       0 |       6 |   0.0 |   402
               +---------+---------+-------+---------+---------+-------+---------
